Arrhythmia, chaotic female vampiric Convict ---- ---- ----|..---..---- |..--...|....|.-- --- |...............| --@| ---- --..............-- ---I.| ----- -----.. |-........--....| -- |..--- |...---.....------------ |..........-....--- .| |..--- ---...........%%.........| --................| .. --...| |...---.--....---------..----................| .. ---.---.-----......%-- |....|....%.......-...-- -- -..- --.....| --.........| ---.....................---.--..- -.....-- |..........-- |........................|......| -...........| |...........-- |.............................- |............| --...........-------.........................-- |...........-- |...>.........| |...........--^)%.........| |..........-- ---...|.|.--..- --..........--.........---- --.........| --------- .. |....................-- --.......-- .. |............|.......| |.......| .| ---...|....-----.....| ---.--..| -- |..---.--- ---.--- -- ---- ---- --- --- Arrhythmia the Prisoner Experience level: 10 Strength: 14 Dexterity: 10 Constitution: 18 Intelligence: 17 Wisdom: 12 Charisma: 7 Health: 0(106) Energy: 64(64) AC: 10 Gold: 0 Moves: 9862 Spells known in the end: Name Level Category Fail Memory a - slow monster 2 enchantment 12% [|||||...] b - detect treasure 4 divination 100% [|||||||.] c - extra healing 3 healing 86% [|||||||.] d - cure sickness 3 healing 86% [||||||||] e - cone of cold 4 attack 100% [||||||||] f - force bolt 1 attack 0% [||||||||] Your skills at the end: Fighting Skills body armor [Basic / Skilled] Weapon Skills sling [Basic / Skilled] Spellcasting Skills Final Attributes: You were piously aligned. Hunger level was 215. Your alignment was 43 / 59. Monster difficulty range was 1 - 10. Level difficulty was 10. You were immune to poison. You were immune to level-drain. You were immune to sickness. You were blinded. You could fly. You could survive without air. You regenerated. Your luck was zero. You are dead. Vanquished creatures: a jabberwock a baby wyvern a watch captain 2 wood golems a large dog a freezing sphere a tengu a human mummy a python a carnivorous ape a leather golem 2 soldiers 9 watchmen a succubus a giant beetle a cockatrice a gremlin an orc-captain 2 iron piercers 2 mumakil 3 giant spiders a scorpion 2 ice vortices a vampire bat a forest centaur an orc mummy a dwarf mummy a brown pudding a rust monster 2 lizards a chickatrice 2 dogs a housecat a jaguar a dwarf lord a plains centaur a gnome mummy a snake a rope golem 3 soldier ants 2 snow ants a mountain nymph a rock piercer an enormous rat a rock mole a pony a fog cloud 3 yellow lights 10 gnome lords 6 gnomish wizards a kobold mummy a red naga hatchling a golden naga hatchling 2 gray oozes a barrow wight a ghoul 2 paper golems a wax golem 2 giant ants a little dog 16 dwarves a homunculus a kobold lord a kobold shaman 2 rabid rats 2 giant bats 2 dwarf zombies 2 werejackals 2 iguanas 14 killer bees 3 acid blobs 2 coyotes a gas spore 6 hobbits 3 large kobolds 6 cave spiders a brown mold 2 red molds 62 gnomes 10 garter snakes 2 gnome zombies a gecko 8 jackals a fox 2 kobolds a goblin 5 sewer rats 2 grid bugs 4 bats 4 lichens a kobold zombie 7 newts 276 creatures vanquished. Voluntary challenges: You never hit with a wielded weapon. You read items or engraved 572 times. You put on armor 89 times. You never genocided any monsters. You never polymorphed an object. You changed form 2 times. You used no wishes. You wrote Elbereth's name 299 times. You never encountered a bones level. You never used any Sokoban shortcuts. Dungeon overview: The Dungeons of Doom: levels 1 to 7 Level 1 a long staircase Level 3 a scroll shop stairs to The Gnomish Mines The Gnomish Mines: levels 4 to 10 Level 4 stairs to The Dungeons of Doom Level 6 (Magic trap) Level 7 many shops, a temple, a magic chest, some fountains Level 10 <- You were here History has recorded: On T:1 you entered the Dungeons of Doom to retrieve the Amulet of Yendor! On T:310 you reached level 2 of The Dungeons of Doom. On T:312 you advanced to experience level 2. On T:668 you advanced to experience level 3. On T:1044 you advanced to experience level 4. On T:1079 you reached level 3 of The Dungeons of Doom. On T:1307 you reached level 1 of The Gnomish Mines. On T:1339 you advanced to experience level 5. On T:1441 you advanced to experience level 6. On T:1445 you reached level 2 of The Gnomish Mines. On T:1855 you advanced to experience level 7. On T:1968 you reached level 4 of The Dungeons of Doom. On T:2302 you reached level 5 of The Dungeons of Doom. On T:2677 you reached level 6 of The Dungeons of Doom. On T:3040 you reached level 7 of The Dungeons of Doom. On T:3211 you advanced to experience level 8. On T:4459 you reached level 3 of The Gnomish Mines. On T:4996 you reached level 5 of The Gnomish Mines. On T:5129 you advanced to experience level 9. On T:5172 you reached level 4 of The Gnomish Mines. On T:7593 you reached level 6 of The Gnomish Mines. On T:7625 you advanced to experience level 10. On T:8090 you reached level 7 of The Gnomish Mines. Latest messages: The yellow light explodes! You are blinded by a blast of light! You return to vampiric form! [HP+87=106] You feel an unseen monster! It hits! (2x) It bites! [HP-16=90] [HP+1=91] It hits! (2x) It bites! [HP-21=70] It hits! (2x) It bites! [HP-18=52] It hits! (2x) It bites! [HP-17=35] It hits! (2x) It bites! [HP-20=15] It hits! (2x) It bites! You die... Not carrying anything. Final status: Goodbye Arrhythmia the Convict... You died in The Gnomish Mines on dungeon level 10 with 12906 points, and 0 pieces of gold, after 9862 moves. You were level 10 with a maximum of 106 hit points when you died.